 Dungeon Crawl Stone Soup version 0.31.0-9-g3a7656b989 (webtiles) character file.

Game seed: 18089852003040451481

72 qw the Shooter (level 4, -2/22 HPs)
             Began as a Spriggan Hunter on Feb 2, 2024.
             Slain by a gnoll
             ... wielding a +0 spear
              (4 damage)
             ... on level 2 of the Dungeon.
             The game lasted 00:00:10 (1101 turns).

qw the Shooter (Spriggan Hunter)                    Turns: 1101, Time: 00:00:11

Health: -2/22      AC:  2    Str:  7    XL:     4   Next: 7%
Magic:  5/5        EV: 19    Int: 10    God:
Gold:   122        SH:  0    Dex: 20    Spells: 3/3 levels left

rFire   + . .        a - +0 shortbow
rCold   . . .        (shield currently unavailable)
rNeg    . . .        c - +0 robe
rPois   .            (helmet restricted)
rElec   .            (no cloak)
rCorr   .            (gloves unavailable)
SInv    +            (boots unavailable)
Will    .....        (no amulet)
Stlth   ++           e - ring of protection from fire
HPRegen 0.23/turn    (no ring)
MPRegen 0.09/turn

%: no passive effects
@: about to teleport, very quick
A: very small, no large weapons, unfitting armour, see invisible, speed 3
a: no special abilities


You were on level 2 of the Dungeon.
You visited 1 branch of the dungeon, and saw 3 of its levels.

You collected 122 gold pieces.


Innate Abilities, Weirdness & Mutations

You are very small and have problems with some larger weapons.
You are too small for most types of armour.
You have supernaturally acute eyesight. (SInv)
You cover ground extremely quickly. (Speed+++)


   Skills:
 - Level 1.5 Fighting
 - Level 5.0 Ranged Weapons
 + Level 4.2 Dodging
 - Level 1.5 Stealth


You had 3 spell levels left.
You didn't know any spells.
Your spell library was empty.

Inventory:

Hand Weapons
 a - a +0 shortbow (weapon)
Armour
 c - a +0 robe (worn)
Jewellery
 e - a ring of protection from fire (left hand)
Scrolls
 b - 2 scrolls of identify {unknown}
 g - a scroll of immolation {unknown}
Potions
 d - a potion of lignification {unknown}
 h - a potion of brilliance {unknown}

Dungeon Overview and Level Annotations

Branches:
Dungeon (3/15)

Altars:
Ashenzari


Message History

Enter note:
Enter note:
Enter note:
Enter note:
Enter note:
1089 ||| RETREEEEATING.
You shoot an arrow. The arrow barely misses the gnoll.
You shoot an arrow. The arrow hits the gnoll.
You kill the gnoll!
You shoot an arrow. The arrow hits the gnoll.
The gnoll is lightly wounded.
You shoot an arrow. The arrow barely misses the gnoll.
You shoot an arrow. The arrow hits the gnoll!
The gnoll is almost dead.
The gnoll hits you with a +0 whip. The gnoll completely misses you.
You shoot an arrow. The arrow closely misses the gnoll.
The gnoll barely misses you.
You shoot an arrow. The arrow hits the gnoll.
The gnoll is almost dead.
The gnoll barely misses you.
You shoot an arrow. The arrow barely misses the gnoll.
The arrow hits the gnoll.
You kill the gnoll!
The gnoll hits you from afar with a +0 spear!
Ouch! That really hurt!
The gnoll barely misses you.
Your Ranged Weapons skill increases to level 5!
1098 ||| READING scroll of teleportation.
As you read the scroll of teleportation, it crumbles to dust.
You feel strangely unstable.
The gnoll hits you from afar with a +0 spear.
The gnoll misses you.
You shoot an arrow. The arrow hits the gnoll.
You kill the gnoll!
The gnoll completely misses you.
You have reached level 4!
You shoot an arrow. The arrow closely misses the gnoll.
The gnoll closely misses you.
You shoot an arrow. The arrow completely misses the gnoll.
The gnoll hits you from afar with a +0 spear.
You die...

.# +........ .# . #####
#........ .# .. #...#
#........ .# #. #...#
+.......% .# ##.##### #...#
#.....).#
.########......###...#
#...###..
................##(..####...#
###
.#....###.._..#.##...........
......+.........@))..........
##....###.....####g.........
#....'........# #..)...###
###...########.# #......#
...............###......#
#..........................
#.#...####...................
#.#...# #...########...##...
#.#...# #...# #...# g.


You could see a gnoll.

Vanquished Creatures
  An adder (D:3)
  3 gnolls (D:2)
  2 dart slugs
  2 ball pythons
  An endoplasm (D:1)
  A giant cockroach (D:1)
  4 goblins
  2 hobgoblins (D:1)
  A quokka (D:1)
  4 bats
  3 frilled lizards
  7 kobolds
  4 rats
35 creatures vanquished.

Notes
Turn   | Place    | Note
-------+----------+-------------------------------------------
     0 | D:1      | qw the Spriggan Hunter began the quest for the Orb.
     0 | D:1      | Reached XP level 1. HP: 10/10 MP: 2/2
     0 | D:1      | 0 ||| qw: Version: 0.3-a-155-g5e7d8dd
     0 | D:1      | 0 ||| qw: Game counter: 2096
     0 | D:1      | 0 ||| qw: Melee chars always use a shield: true
     0 | D:1      | 0 ||| qw: God list: Okawaru
     0 | D:1      | 0 ||| qw: Allow faded altars: false
     0 | D:1      | 0 ||| qw: Do Orc after clearing Dungeon:15 true
     0 | D:1      | 0 ||| qw: Do second Lair branch before Depths: true
     0 | D:1      | 0 ||| qw: Lair rune preference: random
     0 | D:1      | 0 ||| qw: Goals: Normal
     0 | D:1      | 0 ||| PLANNING D:1-11
    53 | D:1      | Reached skill level 3 in Dodging
   109 | D:1      | Reached XP level 2. HP: 10/14 MP: 3/3
   371 | D:1      | Found a faded altar of an unknown god.
   507 | D:1      | 507 ||| DROPPING ring of magical power.
   508 | D:1      | 508 ||| UPGRADING to ring of protection from fire.
   509 | D:1      | 509 ||| READING scroll labelled NYFON WUKLAGY.
   510 | D:1      | 510 ||| READING scroll labelled SOQABR NAUT.
   515 | D:1      | 515 ||| READING scroll labelled YNYNUCLOLU.
   542 | D:1      | 542 ||| DROPPING scroll of butterflies.
   718 | D:2      | You fall into a shaft and drop 1 floor!
   719 | D:3      | 719 ||| DROPPING ring of flight.
   726 | D:3      | Reached XP level 3. HP: 18/18 MP: 4/4
   727 | D:3      | 727 ||| FLEEEEING.
   728 | D:3      | 728 ||| FLEEEEING.
   729 | D:3      | 729 ||| FLEEEEING.
   730 | D:3      | 730 ||| FLEEEEING.
   731 | D:3      | 731 ||| STAIRDANCE
  1067 | D:2      | Found a broken altar of Ashenzari.
  1082 | D:2      | 1082 ||| RETREEEEATING.
  1083 | D:2      | 1083 ||| RETREEEEATING.
  1086 | D:2      | 1086 ||| RETREEEEATING.
  1088 | D:2      | 1088 ||| RETREEEEATING.
  1089 | D:2      | 1089 ||| RETREEEEATING.
  1097 | D:2      | HP: 4/18 [gnoll/+0 spear (9)]
  1098 | D:2      | Reached skill level 5 in Ranged Weapons
  1098 | D:2      | 1098 ||| READING scroll of teleportation.
  1098 | D:2      | HP: 1/18 [gnoll/+0 spear (4)]
  1100 | D:2      | Reached XP level 4. HP: 1/22 MP: 5/5
  1101 | D:2      | Slain by a gnoll

Levels and vault maps discovered:
D:1:      lightli_arrival_windingriver, layout_basic,
          shapermc_ecumenical_altar_totnotflames
D:2:      layout_basic, basic_altar, serial_bayou_pond_d, grunt_ministairs_1
D:3:      layout_rooms

Skill      XL: |  1  2  3 |
---------------+----------+-----
Dodging        | 3 4 |  4.2
Ranged Weapons | 5 |  5.0
Fighting       | |  1.5
Stealth        | |  1.5

Action                     |  1- 3 |  4- 6 || total
---------------------------+-------+-------++-------
   Fire: Shortbow          |    90 |     2 ||    92
    Use: Scroll            |     4 |       ||     4
 Armour: Robe              |    13 |     1 ||    14
  Dodge: Dodged            |    31 |     1 ||    32

Table legend:
 A = Non-vault XP
 B = Vault XP
 C = Vault XP percentage of total XP
 D = Non-vault monster count
 E = Vault monster count
 F = Vault count percentage of total count
                 A         B        C        D         E       F
            +---------+---------+-------+---------+---------+-------
      Total |      99 |       5 |   4.8 |      33 |       2 |   5.7
            +---------+---------+-------+---------+---------+-------
        D:1 |      28 |       0 |   0.0 |      17 |       0 |   0.0
        D:2 |      57 |       5 |   8.1 |      15 |       2 |  11.8
        D:3 |      14 |       0 |   0.0 |       1 |       0 |   0.0
            +---------+---------+-------+---------+---------+-------
